Map: Frozen Temple

Players

Elazer - Winner!

  • Race: Zerg Zerg
  • League: Master

ShoWTimE

  • Race: Protoss Protoss
  • League: Master

Event: DreamHack ZOWIE Open Valencia 2016

VOD

Have the link to the VOD?

Description

Time

  • Played on: July 15, 2016, 9:32 a.m.
  • Length: 14:16

All games in this series

Show
View Real Time Build Order
Export as new Build Order

Elazer Zerg - Winner!

Build Orders: Hatch First, Lurkers 

Get SALT Encoding   

  12  0:00  Drone  
  13  0:12  Overlord  
  13  0:17  Drone  
  14  0:30  Drone x2  
  14  0:35  Drone  
  17  0:52  Hatchery  
  17  0:54  Drone  
  17  0:57  Drone  
  18  1:09  Extractor  
  17  1:12  Spawning Pool  
  17  1:15  Drone  
  17  1:19  Drone  
  18  1:28  Drone  
  19  1:39  Overlord  
  19  1:49  Drone  
  20  1:59  Queen  
  20  2:00  Drone  
  23  2:04  Zergling x2, Queen  
  26  2:10  Metabolic Boost  
  26  2:11  Zergling x2  
  26  2:14  Drone  
  28  2:22  Drone  
  29  2:25  Drone  
  30  2:32  Zergling x2  
  31  2:43  Hatchery  
  30  2:44  Queen  
  30  2:48  Zergling x2  
  32  2:53  Drone x2  
  32  2:55  Overlord  
  32  2:58  Drone  
  35  3:06  Drone  
  35  3:07  Overlord  
  36  3:15  Drone x2  
  36  3:16  Drone x3  
  41  3:20  Queen  
  41  3:24  Drone  
  44  3:33  Spore Crawler, Overlord  
  43  3:35  Drone x3  
  43  3:39  Drone, Extractor  
  46  3:41  Drone  
  46  3:42  Drone  
  46  3:44  Drone  
  49  3:49  Drone  
  49  3:55  Overlord, Queen  
  50  3:59  Drone  
  50  4:01  Spore Crawler  
  50  4:02  Drone  
  53  4:04  Drone  
  53  4:05  Drone  
  55  4:10  Lair  
  55  4:13  Overlord  
  55  4:15  Drone  
  55  4:17  Drone  
  56  4:19  Drone  
  56  4:21  Drone  
  56  4:23  Drone  
  59  4:25  Drone  
  59  4:31  Evolution Chamber  
  59  4:32  Zergling x2  
  59  4:33  Zergling x6  
  59  4:37  Overlord  
  63  4:40  Queen  
  63  4:43  Zergling x4  
  67  4:49  Overlord  
  67  4:52  Zergling x4, Drone x2  
  69  4:57  Zerg Missile Weapons Level 1  
  69  4:58  Drone x2  
  69  4:59  Drone  
  72  5:00  Drone  
  72  5:02  Drone  
  74  5:07  Overlord  
  74  5:08  Drone x2  
  73  5:16  Drone x2  
  73  5:17  Drone x3  
  70  5:23  Overlord  
  70  5:27  Drone, Hydralisk Den  
  70  5:28  Extractor x2  
  67  5:29  Drone  
  67  5:30  Drone x2  
  67  5:34  Drone x3  
  72  5:36  Drone  
  72  5:39  Drone x2  
  72  5:40  Drone, Extractor  
  75  5:43  Extractor  
  75  5:45  Drone x2  
  76  5:54  Overlord  
  76  6:00  Overlord  
  76  6:02  Drone  
  78  6:04  Drone x4  
  78  6:11  Overlord  
  81  6:13  Lurker Den  
  81  6:14  Hydralisk, Hatchery  
  81  6:15  Hydralisk x2  
  86  6:18  Hydralisk  
  86  6:25  Hydralisk x3  
  88  6:31  Drone  
  88  6:32  Overlord  
  92  6:34  Hydralisk  
  92  6:35  Hydralisk  
  92  6:37  Hydralisk  
  92  6:38  Hydralisk  
  100  6:43  Overseer  
  100  6:44  Hydralisk x2  
  104  6:48  Hydralisk x2  
  104  6:53  Zerg Missile Weapons Level 2  
  108  6:54  Overlord  
  108  6:57  Hydralisk  
  108  6:59  Hydralisk  
  112  7:01  Zergling x2  
  112  7:02  Zergling x4  
  112  7:06  Zergling x6  
  112  7:08  Zergling x6  
  121  7:15  Overlord  
  121  7:18  Hydralisk  
  121  7:19  Hydralisk x3  
  129  7:25  Hydralisk x2  
  133  7:39  Zergling x18  
  133  7:40  Lurker x2  
  133  7:41  Lurker  
  146  7:44  Muscular Augments  
  143  7:57  Hydralisk x6  
  142  8:06  Overlord x3  
  142  8:08  Overseer  
  142  8:18  Overlord  
  142  8:19  Overlord  
  142  8:26  Hydralisk x5  
  152  8:28  Lurker, Hatchery  
  152  8:29  Lurker  
  151  8:39  Hydralisk  
  151  8:40  Hydralisk x2  
  136  8:53  Drone x3  
  136  8:54  Drone x3  
  136  8:55  Drone x6  
  144  8:56  Hydralisk  
  140  9:04  Hydralisk x2  
  140  9:09  Lurker x2  
  143  9:16  Lurker  
  142  9:17  Zergling x2  
  142  9:18  Zergling x6  
  142  9:22  Lurker  
  147  9:26  Drone x2  
  147  9:29  Lurker  
  147  9:31  Zergling x10  
  153  9:47  Hydralisk x6  
  155  10:09  Hatchery  
  155  10:11  Hydralisk x6  
  159  10:22  Hydralisk  
  161  10:29  Lurker  
  162  10:36  Zergling x8  
  162  10:40  Overlord  
  162  10:41  Overlord  
  148  11:00  Overseer  
  148  11:03  Hydralisk x8  
  144  11:10  Queen  
  140  11:12  Hydralisk  
  140  11:15  Lurker x3  
  140  11:16  Hydralisk x2  
  145  11:25  Hydralisk x3  
  135  11:39  Hydralisk x5  
  134  11:44  Hydralisk  
  130  11:51  Zergling x10  
  135  11:58  Lurker  
  135  11:59  Zergling x12, Lurker  
  140  12:03  Extractor  
  140  12:04  Extractor  
  140  12:06  Drone x3  
  132  12:09  Overseer  
  132  12:10  Drone x3  
  132  12:12  Hydralisk  
  137  12:16  Lurker x2  
  137  12:19  Overlord  
  139  12:25  Zergling x4  
  139  12:26  Zergling x18  
  150  12:31  Lurker  
  150  12:32  Zergling x8  
  155  12:40  Hydralisk  
  155  12:41  Hydralisk x2  
  161  12:51  Overlord  
  161  13:00  Lurker x4, Hydralisk  
  161  13:02  Hydralisk  
  161  13:04  Zergling x14  
  176  13:16  Lurker x2  
  176  13:17  Lurker  
  179  13:20  Hydralisk  
  179  13:21  Hatchery  
  179  13:23  Overlord  
  177  13:28  Hydralisk  
  177  13:29  Hydralisk  
  157  13:46  Hydralisk x6  
Show
View Real Time Build Order
Export as new Build Order

ShoWTimE Protoss 

Build Orders: 1 Gate Expand, Oracle Opening 

Get SALT Encoding   

  12  0:00  Probe (Chrono Boost)  
  13  0:11  Probe (Chrono Boost)  
  14  0:18  Pylon  
  14  0:22  Probe (Chrono Boost)  
  15  0:36  Probe (Chrono Boost)  
  15  0:38  Gateway  
  16  0:45  Assimilator  
  16  0:47  Probe (Chrono Boost)  
  17  0:57  Probe (Chrono Boost)  
  18  1:08  Probe (Chrono Boost)  
  19  1:21  Nexus  
  19  1:24  Probe (Chrono Boost)  
  20  1:35  Cybernetics Core  
  20  1:38  Probe (Chrono Boost)  
  21  1:45  Assimilator  
  21  1:48  Probe (Chrono Boost)  
  22  1:54  Pylon  
  22  1:59  Probe (Chrono Boost)  
  23  2:09  Adept  
  23  2:12  Warp Gate  
  23  2:14  Probe (Chrono Boost)  
  26  2:26  Probe (Chrono Boost)  
  27  2:33  Zealot  
  27  2:34  Stargate  
  27  2:35  Probe (Chrono Boost)  
  31  2:38  Probe (Chrono Boost)  
  31  2:46  Probe (Chrono Boost)  
  31  2:50  Probe (Chrono Boost)  
  33  2:57  Probe (Chrono Boost)  
  34  3:02  Mothership Core (Chrono Boost)  
  35  3:07  Probe (Chrono Boost)  
  35  3:09  Pylon  
  36  3:14  Oracle  
  36  3:19  Probe (Chrono Boost)  
  40  3:20  Probe (Chrono Boost)  
  41  3:30  Gateway  
  41  3:31  Probe x2 (Chrono Boost), Gateway  
  43  3:41  Pylon, Probe (Chrono Boost)  
  44  3:43  Probe (Chrono Boost)  
  44  3:46  Oracle  
  45  3:52  Probe (Chrono Boost)  
  50  3:55  Probe (Chrono Boost)  
  50  4:02  Probe (Chrono Boost)  
  51  4:08  Probe (Chrono Boost)  
  52  4:10  Nexus  
  52  4:13  Pylon  
  52  4:14  Probe (Chrono Boost)  
  53  4:20  Probe (Chrono Boost)  
  54  4:24  Probe (Chrono Boost)  
  54  4:30  Probe (Chrono Boost)  
  56  4:35  Assimilator, Probe (Chrono Boost)  
  56  4:37  Assimilator  
  57  4:40  Adept  
  57  4:41  Adept x2, Probe (Chrono Boost)  
  65  4:45  Probe (Chrono Boost)  
  65  4:51  Probe (Chrono Boost)  
  66  4:52  Pylon  
  66  4:55  Twilight Council  
  66  4:56  Probe (Chrono Boost)  
  66  4:58  Forge  
  67  5:02  Probe (Chrono Boost)  
  67  5:06  Probe (Chrono Boost)  
  68  5:12  Probe (Chrono Boost)  
  69  5:17  Probe (Chrono Boost)  
  66  5:23  Probe (Chrono Boost)  
  66  5:24  Probe (Chrono Boost)  
  66  5:26  Blink  
  66  5:27  Probe (Chrono Boost)  
  66  5:28  Protoss Ground Weapons Level 1  
  64  5:34  Sentry x3, Probe (Chrono Boost)  
  64  5:35  Robotics Facility, Probe (Chrono Boost)  
  72  5:39  Probe (Chrono Boost)  
  72  5:40  Pylon  
  72  5:42  Pylon  
  73  5:44  Probe (Chrono Boost)  
  73  5:49  Gateway x2  
  74  5:56  Gateway  
  73  5:58  Probe (Chrono Boost)  
  73  5:59  Probe (Chrono Boost)  
  73  6:00  Sentry x2  
  73  6:01  Zealot  
  81  6:04  Gateway  
  81  6:06  Gateway  
  81  6:09  Probe (Chrono Boost)  
  81  6:10  Probe (Chrono Boost)  
  83  6:16  Pylon  
  83  6:17  Warp Prism  
  83  6:19  Probe (Chrono Boost)  
  83  6:22  Probe (Chrono Boost)  
  85  6:28  Sentry x3  
  85  6:29  Probe (Chrono Boost)  
  92  6:34  Assimilator, Probe (Chrono Boost)  
  92  6:37  Assimilator  
  94  6:41  Pylon, Probe x2 (Chrono Boost)  
  94  6:46  Probe (Chrono Boost)  
  95  6:58  Stalker x3  
  95  6:59  Stalker x4  
  109  7:04  Stalker  
  109  7:07  Pylon  
  111  7:08  Pylon  
  111  7:20  Observer  
  112  7:23  Pylon  
  112  7:30  Stalker x3  
  112  7:31  Stalker x2, Zealot x3  
  112  7:36  Immortal  
  128  7:38  Robotics Facility  
  132  8:00  Stalker x4  
  132  8:01  Stalker x3  
  132  8:03  Zealot  
  148  8:05  Protoss Ground Weapons Level 2  
  148  8:07  Charge  
  148  8:08  Pylon  
  148  8:09  Pylon  
  146  8:31  Zealot  
  148  8:35  Adept  
  148  8:36  Adept x5, Immortal  
  161  8:44  Immortal  
  158  8:59  Probe (Chrono Boost)  
  158  9:00  Photon Cannon  
  158  9:02  Pylon, Probe (Chrono Boost)  
  148  9:04  Pylon  
  148  9:06  Nexus  
  148  9:08  Pylon  
  144  9:10  Oracle  
  144  9:13  Zealot  
  147  9:17  Immortal  
  147  9:20  Probe x2 (Chrono Boost)  
  151  9:26  Photon Cannon  
  151  9:33  Photon Cannon  
  151  9:34  Zealot x6  
  151  9:35  Pylon  
  151  9:39  Immortal  
  155  9:51  Immortal  
  155  9:55  Stalker x3  
  155  9:56  Stalker x3  
  163  10:10  Zealot x2  
  141  10:22  Immortal  
  145  10:31  Pylon x2  
  145  10:33  Pylon x2  
  144  10:44  Immortal  
  144  10:46  Pylon  
  144  10:48  Pylon  
  148  10:53  Zealot x3  
  146  10:58  Zealot x2  
  138  11:08  Cybernetics Core  
  122  11:26  Zealot x2  
  122  11:27  Observer, Zealot x3  
  122  11:30  Observer  
  94  11:51  Zealot x4  
  94  11:52  Zealot  
  104  11:56  Mothership Core (Chrono Boost)  
  102  12:10  Nexus  
  102  12:12  Pylon  
  102  12:19  Templar Archives  
  102  12:28  Immortal  
  106  12:46  Immortal  
  106  12:50  Dark Shrine  
  110  13:00  High Templar x2  
  110  13:01  High Templar x2  
  110  13:05  Archon x2  
  118  13:16  Gateway  
  118  13:18  Gateway  
  118  13:29  Zealot  
  120  13:35  Zealot x4  
  106  13:51  Zealot  
  103  13:56  Zealot x2  
  103  14:01  Zealot  
  102  14:10  Zealot  

Tags
 
Add a new tag
Caveats
  • Supply blocks, unpowered buildings, or Contaminate may cause inaccurate times.
  • Supply counts are checked every 10 seconds.